AoeStats
← ArthurMitchell3

Arena

509242401Analyzed
1v1 RM · 6d ago on Sep 26, 2026· 35m 18s· 2 players
Game mode
Random Map
Map size
Tiny (2 player)
Population
200
Speed
Normal
Resources
Standard
Victory
Conquest
Starting age
Dark Age
Ending age
Imperial Age
RankedLock teamsTeams togetherTeam positionsShared explorationLock speedFull tech treeHidden civsTurbo modeCheats
Victory
Defeat
🇺🇸 Turks · United States
1268
+14
🇲🇽 Turks · Mexico
1232
-14
revan
10:49 Feudal Age
15:23 Castle Age
19:55 Imperial Age
20:58 Double-Bit Axe
24:41 Loom
25:10 Padded Archer Armor
31:01 Bow Saw
32:36 Leather Archer Armor
33:24 Fletching
34:05 Ring Archer Armor
35:05 Two-Man Saw
34:33 Redemption
35:15 Bodkin Arrow
ArthurMitchell3
10:03 Feudal Age
9:27 Loom
14:06 Castle Age
23:03 Imperial Age
24:29 Padded Archer Armor
34:21 Double-Bit Axe
Connection lost

Rejoining the realm…

Still unreachable

The connection could not be restored.

Session expired

The server has moved on; the page needs a fresh start.